Cogmind - Beta 15 @@@ ROGUE MODE // 2025.07.20 @ 22:49:26 Player: Alex Result: Destroyed by G-47 Trooper with Particle Gun Performance ------------- Evolutions (2) 1000 Regions Visited (4) 800 Robots Destroyed (10) 50 Value Destroyed (286) 286 Prototype IDs (1) 20 Alien Tech Used (0) 0 Bonus (95) 95 TOTAL SCORE: 2251 Bonus ------- Follower Combat Kills 95 Cogmind --------- Core Integrity 0/550 Matter 300/300 Energy 100/100 System Corruption 0% Temperature Warning (314) Movement Core (350) Ox6 Location -8/Materials Parts ------- > --- POWER (2) -------- (None) > --- PROPULSION (2) --- (None) > --- UTILITY (4) ------ Large Storage Unit > --- WEAPON (3) ------- (None) > --- INVENTORY (15) --- Scrap Shield Fragment (49) Scrap Shield Fragment (22) Peak State ------------ > --- POWER ------------ Ion Engine Light Ion Engine > --- PROPULSION ------- Wheel Wheel > --- UTILITY ---------- Large Storage Unit Hacking Suite V3-11A's Pendant > --- WEAPON ----------- Field Laser Assault Rifle Light Assault Rifle > --- INVENTORY -------- Aluminum Leg Aluminum Leg Large Storage Unit Medium Laser Subdweller Beam Cannon Datajack Mining Laser Mining Laser Welding Torch Scrap Shield Fragment Scrap Shield Fragment [Rating: 17] Favorites ----------- Power Light Ion Engine Engine Light Ion Engine Power Core Light Nuclear Core Propulsion Wheel Leg Aluminum Leg Wheel Wheel Utility Large Storage Unit Device V3-11A's Pendant Storage Large Storage Unit Hackware Hacking Suite Weapon Light Assault Rifle Energy Gun Medium Laser Energy Cannon Subdweller Beam Cannon Ballistic Gun Light Assault Rifle Launcher Rocket Launcher Special Weapon Mining Laser Special Melee Weapon Datajack Build | -11 -10 -10 -10 -8 ------- Run | Yrd Mat Min Sub Mat Slots Evolved 4 | . . . . 4 Power 1 | . . . . 1 Propulsion . | . . . . . Utility 2 | . . . . 2 Weapon 1 | . . . . 1 Parts Attached 23 | 8 2 . 6 7 Power 4 | 2 . . . 2 Engine 3 | 2 . . . 1 Core 1 | . . . . 1 Reactor . | . . . . . Propulsion 4 | 2 . . . 2 Treads . | . . . . . Leg 2 | . . . . 2 Wheel 2 | 2 . . . . Hover . | . . . . . Flight . | . . . . . Utility 5 | 1 2 . 1 1 Device 1 | . . . 1 . Storage 3 | 1 2 . . . Processor . | . . . . . Hackware 1 | . . . . 1 Protection . | . . . . . Artifact . | . . . . . Weapon 10 | 3 . . 5 2 Energy Gun 2 | 1 . . . 1 Energy Cannon 1 | . . . 1 . Ballistic Gun 2 | 2 . . . . Ballistic Cannon . | . . . . . Launcher 1 | . . . 1 . Special Weapon 3 | . . . 3 . Impact Weapon . | . . . . . Slashing Weapon . | . . . . . Piercing Weapon . | . . . . . Special Melee Weapon 1 | . . . . 1 Unidentified Prototypes 1 | . . . 1 . Parts Lost 19 | . . . 1 18 Power 3 | . . . . 3 Propulsion 4 | . . . . 4 Utility 2 | . . . . 2 Weapon 10 | . . . 1 9 Highest Loss Streak 7 | . . . 1 7 To Critical Strikes . | . . . . . Average Backups 7 | 2 4 8 9 6 Power . | . 1 1 1 . Propulsion 1 | 1 2 2 2 1 Utility . | . . 1 1 . Weapon 3 | . 1 3 4 3 Tool/Special . | . . . . . Unused Backups . | . . . . . Power . | . . . . . Propulsion . | . . . . . Utility . | . . . . . Weapon . | . . . . . Tool/Special . | . . . . . Average Slot Usage (%) 91 | . 86 85 96 72 Engine 13 | . 14 14 14 9 Wheel 25 | . 28 28 28 10 Device 9 | . . . 11 9 Storage 13 | . 15 14 14 9 Hackware 1 | . . . . 7 Energy Gun 3 | . 14 14 . 6 Energy Cannon 2 | . . . 3 . Ballistic Gun 12 | . 14 14 12 10 Launcher 3 | . . . 5 . Special Weapon 4 | . . . 5 2 Peak Build Rating 17 | 6 7 7 11 17 Average Rating 9 | 4 6 6 9 13 On Entrance 5 | . 6 6 7 10 Naked Turns . | . . . . . Heaviest Build 35 | 11 26 26 34 35 Greatest Support 20 | 20 20 20 20 20 Greatest Overweight (x) 8 | . 1 1 1 8 Average Overweight (x) . | . . 1 1 1 Largest Inventory Capacity 15 | 8 15 15 15 15 Average Capacity 14 | 5 11 15 15 15 Most Carried 13 | 4 8 9 13 11 Average Carried 9 | 3 4 8 10 7 Final Capacity 15 | 8 15 15 15 15 Final Carried 11 | 4 8 9 11 2 Class Distribution -------------------- 90% | Mutant 9% | Gunner Dominant Class ---------------- Mutant | -10/Materials Mutant | -10/Mines Mutant | -10/Subcaves Gunner | -8/Materials Resources | -11 -10 -10 -10 -8 ----------- Run | Yrd Mat Min Sub Mat Matter Collected 513 | 44 . 42 335 92 Remotely . | . . . . . Salvage Created 313 | . . . 29 284 Parts 13 | . . . 1 12 Haulers Intercepted . | . . . . . Recyclers Shooed . | . . . . . Parts Field Recycled . | . . . . . Retrieved Matter . | . . . . . Parts Self-Destructed 17 | . . . 17 . Prevented . | . . . . . Kills | -11 -10 -10 -10 -8 ------- Run | Yrd Mat Min Sub Mat Combat Hostiles Destroyed 10 | . . . 2 8 Guns 6 | . . . 1 5 Cannons 3 | . . . . 3 AOE 1 | . . . 1 . Classes Destroyed 5 | . . . 2 3 Swarmer 5 | . . . 1 4 Grunt 2 | . . . . 2 Duelist 1 | . . . . 1 Sentry 1 | . . . . 1 Subdweller 1 | . . . 1 . Best Kill Streak 5 | . . . 1 5 Combat Bots Only 5 | . . . 1 5 Max Kills in Single Turn 1 | . . . 1 1 Gunslinging . | . . . . . Exploded 1 | . . . 1 . Melee . | . . . . . Uniques/NPCs Destroyed . | . . . . . Combat | -11 -10 -10 -10 -8 -------- Run | Yrd Mat Min Sub Mat Hostile Shots Fired 189 | . . . 19 170 Missed 62 | . . . 8 54 Hits 127 | . . . 11 116 Melee 8 | . . . . 8 Projectile 119 | . . . 11 108 Critical Strikes 4 | . . . . 4 Damage Taken 1906 | . . . 224 1682 Core 571 | . . . 18 553 Absorbed by Shields . | . . . . . Core Remaining (%) 96 | 100 . . 92 . Volleys Fired 47 | . . . 22 25 Largest 3 | . . . 2 3 Hottest 200 | . . . 200 103 Shots Fired 69 | . . . 41 28 Gun 26 | . . . 7 19 Cannon 13 | . . . 5 8 Launcher 3 | . . . 3 . Special 27 | . . . 26 1 Kinetic 9 | . . . 7 2 Thermal 57 | . . . 31 26 Explosive 3 | . . . 3 . Electromagnetic . | . . . . . Robot Hit Streak 7 | . . . 2 7 Robot Miss Streak 3 | . . . 2 3 Penetration Max . | . . . . . Secondary Targets . | . . . . . Shots Hit Robots 30 | . . . 6 24 Core Hits 17 | . . . 4 13 Critical Kills . | . . . . . Critical Parts Destroyed . | . . . . . Critical Strikes 3 | . . . . 3 Burn 3 | . . . . 3 Melee Attacks 3 | . . . . 3 Impact . | . . . . . Slashing . | . . . . . Piercing . | . . . . . Sneak Attacks . | . . . . . Combat Hostiles . | . . . . . Follow-up Attacks . | . . . . . Damage Inflicted 546 | . . . 179 367 Guns 202 | . . . 32 170 Cannons 224 | . . . 29 195 Explosions 118 | . . . 118 . Melee . | . . . . . Ramming . | . . . . . Kinetic 51 | . . . 32 19 Thermal 377 | . . . 29 348 Explosive 118 | . . . 118 . Electromagnetic . | . . . . . Impact . | . . . . . Slashing . | . . . . . Piercing . | . . . . . Highest Corruption . | . . . . . Average Corruption . | . . . . . Corruption Purged . | . . . . . Corruption Blocked . | . . . . . Overload Shots . | . . . . . Overflow Damage . | . . . . . Projectiles . | . . . . . Explosions . | . . . . . Melee . | . . . . . Knockbacks . | . . . . . Impact . | . . . . . Kinetic . | . . . . . Secondary . | . . . . . Self-Inflicted Damage 33 | . . . 33 . Shots 1 | . . . 1 . Rammed . | . . . . . Targets Rammed . | . . . . . Kicked . | . . . . . Crushed . | . . . . . Highest Temperature 365 | . . . . 365 Average Temperature 142 | . . . . 142 Received Heat Transfer 726 | . . . 60 666 Effects 1 | . . . . 1 Short Circuit 1 | . . . . 1 Siege Activations . | . . . . . Martial Activations . | . . . . . Shielding Activations . | . . . . . Robots Disrupted . | . . . . . Combat Hostiles . | . . . . . Robots Corrupted . | . . . . . Combat Hostiles . | . . . . . Parts Fried . | . . . . . Impact Corruptions . | . . . . . Robots Melted . | . . . . . Combat Hostiles . | . . . . . Parts Melted 6 | . . . . 6 Heat Transferred 987 | . . . 37 950 Parts Sabotaged . | . . . . . Parts Stolen . | . . . . . Parts Stripped . | . . . . . Power Chain Reactions . | . . . . . Alert | -11 -10 -10 -10 -8 ------- Run | Yrd Mat Min Sub Mat Maximum Alert Level . | . . . . . Low Security (%) 100 | 100 100 100 . 100 Level 1 . | . . . . . Level 2 . | . . . . . Level 3 . | . . . . . Level 4 . | . . . . . Level 5 . | . . . . . High Security . | . . . . . Max Security . | . . . . . Peak Influence 120 | . 6 . . 120 Initial 13 | . . . . 13 Average 15 | . . . . 35 Influence Increases 448 | . 6 . 87 355 Destroy 0b10 Robot/C 240 | . . . 60 180 Destroy 0b10 Robot/NC 5 | . . . . 5 Destroy Leader 70 | . . . 10 60 Allied During Kill 21 | . . . 17 4 Successful Hack 6 | . 6 . . . Disable Machine 15 | . . . . 15 Destroy Structure 1 | . . . . 1 Lose Combat Pursuer 90 | . . . . 90 Influence Decreases 387 | . 6 . 62 319 Entered New Map 12 | . . . . 12 Time Decay 132 | . 6 . 62 64 Lost Part 125 | . . . . 125 Lost Ally 53 | . . . . 53 Purge Threat 65 | . . . . 65 Squads Dispatched 5 | . 1 . . 4 Investigation 4 | . . . . 4 Extermination . | . . . . . Reinforcement 1 | . 1 . . . Assault . | . . . . . Garrison . | . . . . . Intercept . | . . . . . Searches Triggered . | . . . . . Construction Impeded . | . . . . . Haulers Reinforced . | . . . . . Active Scanning Responses . | . . . . . Cargo Convoy Interrupts . | . . . . . Stealth | -11 -10 -10 -10 -8 --------- Run | Yrd Mat Min Sub Mat Distress Signals 2 | . . . . 2 Communications Jammed . | . . . . . Distress Signals . | . . . . . Times Spotted 47 | . 1 7 10 29 Peak Tracking Total 22 | . . 18 3 22 Tactical Retreats 3 | . . 1 . 2 Traps | -11 -10 -10 -10 -8 ------- Run | Yrd Mat Min Sub Mat Traps Triggered . | . . . . . Indirectly . | . . . . . Trap Hack Attempts . | . . . . . Triggered . | . . . . . Disarmed . | . . . . . Reprogrammed . | . . . . . Reused . | . . . . . Traps Extracted . | . . . . . Installed . | . . . . . Triggered . | . . . . . Machines | -11 -10 -10 -10 -8 ---------- Run | Yrd Mat Min Sub Mat Machines Disabled 1 | . . . . 1 Max in Single Turn . | . . . . . Machines Repaired . | . . . . . Machines Dismantled . | . . . . . Machines Sabotaged . | . . . . . Overloaded Fab Kills . | . . . . . Hacking | -11 -10 -10 -10 -8 --------- Run | Yrd Mat Min Sub Mat Machines Accessed 5 | . 1 . 1 3 Terminals 3 | . 1 . . 2 Fabricators . | . . . . . Repair Stations . | . . . . . Recycling Units 1 | . . . . 1 Scanalyzers . | . . . . . Garrison Access . | . . . . . Total Hacks 22 | . 5 . 5 12 Successful 16 | . 3 . 5 8 Failed 6 | . 2 . . 4 Catastrophic 1 | . . . . 1 Database Lockouts . | . . . . . Manual 3 | . 3 . . . Terminals 12 | . 5 . . 7 Fabricators . | . . . . . Repair Stations . | . . . . . Recycling Units 5 | . . . . 5 Scanalyzers . | . . . . . Garrison Access . | . . . . . Terminal Hacks 12 | . 3 . 5 4 Record 10 | . 2 . 5 3 Alert Level 1 | . 1 . . . Unreport Threat 1 | . . . . 1 Fabricator Hacks . | . . . . . Repair Station Hacks . | . . . . . Recycling Unit Hacks 4 | . . . . 4 Recycle Component 1 | . . . . 1 Process 2 | . . . . 2 Retrieve Components 1 | . . . . 1 Scanalyzer . | . . . . . Garrison Access Hacks . | . . . . . Unauthorized Hacks . | . . . . . Terminals . | . . . . . Fabricators . | . . . . . Repair Stations . | . . . . . Recycling Units . | . . . . . Scanalyzers . | . . . . . Garrison Access . | . . . . . Data Cores Recovered 1 | . . . . 1 Used . | . . . . . Hacking Detections 4 | . 1 . . 3 Full Trace Events 4 | . 1 . . 3 Feedback Events . | . . . . . Feedback Blocked . | . . . . . Robot Schematics Acquired . | . . . . . Robots Built . | . . . . . Authchips . | . . . . . Time . | . . . . . Total Robot Build Rating . | . . . . . Part Schematics Acquired . | . . . . . Parts Built . | . . . . . Authchips . | . . . . . Time . | . . . . . Total Part Build Rating . | . . . . . Parts Repaired . | . . . . . Time . | . . . . . Parts Recycled 1 | . . . . 1 Recycled Matter 185 | . . . . 185 Retrieved Matter . | . . . . . Retrieved Components . | . . . . . Parts Scanalyzed . | . . . . . Part Schematics Acquired . | . . . . . Parts Damaged . | . . . . . Bothacking | -11 -10 -10 -10 -8 ------------ Run | Yrd Mat Min Sub Mat Used RIF Installer . | . . . . . Robots Hacked 2 | . . . . 2 Non-combat . | . . . . . Combat 2 | . . . . 2 Robot Hacks Applied 2 | . . . . 2 parse_system 2 | . . . . 2 Relay Couplers Released . | . . . . . Fabnet Peak Effective % . | . . . . . Robots Rewired . | . . . . . Allies Hacked . | . . . . . Hacks Repelled . | . . . . . Allies | -11 -10 -10 -10 -8 -------- Run | Yrd Mat Min Sub Mat Total Allies 7 | . . . 7 . Largest Group 6 | . . . 6 4 Highest-Rated Group 112 | . . . 112 74 Highest-Rated Ally 19 | . . . 19 19 Total Orders . | . . . . . Ally Attacks 30 | . . . 19 11 Total Damage 374 | . . . 229 145 Kills 4 | . . . 2 2 Allies Corrupted . | . . . . . Allies Melted . | . . . . . Intel | -11 -10 -10 -10 -8 ------- Run | Yrd Mat Min Sub Mat Active Infowar (turns) . | . . . . . Robot Analysis Total . | . . . . . Derelict Logs Recovered 1 | . . 1 . . Drone Launches . | . . . . . Drone Recoveries . | . . . . . Exploration | -11 -10 -10 -10 -8 ------------- Run | Yrd Mat Min Sub Mat Turns Passed 1644 | 94 120 103 1073 254 Spaces Moved 1412 | 98 129 108 934 143 Core 4 | 1 . . . 3 Treads . | . . . . . Legs 6 | . . . . 6 Wheels 1402 | 97 129 108 934 134 Hover . | . . . . . Flight . | . . . . . Fastest Speed 50 | 50 80 95 95 95 Average Speed 94 | 79 87 95 95 106 Slowest Speed 450 | 80 95 95 95 450 Overloaded Moves . | . . . . . Propulsion Burnouts . | . . . . . Robots Hopped . | . . . . . Potential Cave-ins . | . . . . . Cave-ins Triggered . | . . . . . Exploration Rate (%) 21 | 4 23 21 42 19 Regions Visited 4 Branch Regions 2 Pre-discovered Areas . | . . . . . Known Exits Taken 1 | . . . 1 . Unknown Exits Taken 3 | 1 1 1 . . Scrap Searched 1 | . . 1 . . Spaces Dug 4 | . . . 4 . Terrain Destroyed 25 | . . . 24 1 Melee . | . . . . . Projectile 5 | . . . 4 1 AOE 20 | . . . 20 . Terrain Rammed . | . . . . . Walls Destroyed . | . . . . . Machines Disabled . | . . . . . Actions | -11 -10 -10 -10 -8 --------- Run | Yrd Mat Min Sub Mat Total 1601 | 112 136 108 1030 215 Wait 84 | . . . 55 29 Move 1408 | 97 128 107 933 143 Hop . | . . . . . Pick Up 12 | 5 3 1 2 1 Fast Attach 13 | 5 2 . 2 4 Attach 19 | 3 . . 8 8 Detach 12 | 2 2 . 8 . Swap 1 | . . . . 1 Drop 2 | . 1 . . 1 Fire 47 | . . . 22 25 Melee 3 | . . . . 3 Ram . | . . . . . Kick . | . . . . . Crush . | . . . . . Escape Stasis . | . . . . . Rewire . | . . . . . Trap . | . . . . . Miscellaneous . | . . . . . Route ------- -11/Scrapyard -10/Materials -10/Mines -10/Subcaves (discovered 4 exits: *Mat x2 / Rec / [*Scr]) -8/Materials (discovered 1 exit: [*Fac]) History --------- Turn | Location | Event 8 | -11/Scrapyard | Discovered new exit (range 16) 95 | -11/Scrapyard | Entered Materials 195 | -10/Materials | Discovered new exit (range 12) 215 | -10/Materials | Entered Mines 222 | -10/Mines | Received a Rocket Launcher from a helpful Derelict 275 | -10/Mines | Learned Materials security intel 276 | -10/Mines | Assembled infested the area 281 | -10/Mines | Assisted by a Guerilla fighting off Assembled 310 | -10/Mines | Discovered new exit (range 7) 314 | -10/Mines | Build established: Mutant 318 | -10/Mines | Entered Subcaves 319 | -10/Subcaves | Shifting Twisted Machinery released Shrapnel Trap 319 | -10/Subcaves | Approached by a straggling Scientist 530 | -10/Subcaves | Visited triangular shrine 539 | -10/Subcaves | Found Prototype Device 539 | -10/Subcaves | Identified V3-11A's Pendant 544 | -10/Subcaves | Befriended Subdweller 647 | -10/Subcaves | Discovered new exit (range 13) 665 | -10/Subcaves | Visited Clippyterm 668 | -10/Subcaves | Identified exit to Recycling 668 | -10/Subcaves | Identified exit to Materials 668 | -10/Subcaves | Learned Factory garrison access intel 694 | -10/Subcaves | A swath of the cavern ceiling suddenly collapsed 751 | -10/Subcaves | A swath of the cavern ceiling suddenly collapsed 769 | -10/Subcaves | Befriended Subdweller 769 | -10/Subcaves | Befriended Subdweller 964 | -10/Subcaves | Befriended Subdweller 1229 | -10/Subcaves | Befriended Subdweller 1229 | -10/Subcaves | Befriended Subdweller 1234 | -10/Subcaves | Befriended Subdweller 1374 | -10/Subcaves | Scientist uncovered a shortcut to Scraptown 1391 | -10/Subcaves | Entered Materials 1391 | -8/Materials | Accompanied by 4 allies 1391 | -8/Materials | Evolved 4 slots: Power x1, Utility x2, Weapon x1 1524 | -8/Materials | Discovered new exit (range 16) 1573 | -8/Materials | Lost 7 parts (2p2n3w) 1612 | -8/Materials | Core integrity fell below 50% 1634 | -8/Materials | Lost 5 parts (1n4w) 1642 | -8/Materials | Core integrity fell below 20% 1645 | -8/Materials | Destroyed by G-47 Trooper with Particle Gun Last Messages --------------- Y-45 Defender destroyed. Critical hit (Burn: +37). R-06 Scavenger collects Heat Sink. G-47 Trooper suffers critical hit (Burn). R-06 Scavenger destroyed. Acquired 29 matter. Aluminum Leg melted. G-47 Trooper destroyed. Aluminum Leg destroyed. Sub. Beam Cannon destroyed. Jacked G-47 Trooper... >>parse_system Reading system data... V3-11A's Pendant broken. Overheating: Short circuit. Lgt. Nuclear Core destroyed. Datajack destroyed. U-05 Engineer builds a Wall. Broken V3-11A's Pendant destroyed. Hacking Suite destroyed. Map ----- +----------------------------------------------------+ | | | | | | | | | | | | | | | | | | | | | ?????????????????????????????????????????????????? | | ?????????????????????????????????????????????????? | | ?????????????????????????????????????????????????? | | ?????????????????????????????????????????????????? | | ?????????????????????????????????????????????????? | | ?????????????????????????????????????????????????? | | ??????????????????############???????????????????? | | ??????????????????# ????????????????????? | | ??????????????????# < ?????????????????????? | | ??????????????????# ??????????????????????? | | ??????????????????# ???????????????????????? | | ??????????????????# ????????????????????????? | | ???????????????#### ?????????????????????????? | | ??????????????##! #??????????????????????????? | | ??????????????#! = ##############?????????????? | | ??????????????#! =%!#%*@== #?????????????? | | ??????????????#! !#gugg #?????????????? | | ??????????????#! %gg%g=! #?????????????? | | ??????????????##! % %#g!g #?????????????? | | ???????????????####% %# #?????????????? | | ?????####????????##a ##############???????&*????? | | ????## ####### #???????????????????= ????? | | ???? #??????????????????? ????? | | ????? " %T #??????????????????# ????? | | ??? [ #??????????????????# ????? | | ?????# ####### #??????????????????# #???? | | ?????###+????????## ##??????????????????# +???? | | ??????????????????# #???????????????????+ #???? | | ??????????????????# #???????????????????# #???? | | ??????????????????# #???????????????????# #???? | | ??????????????????# #???????????????????# #?### | | ?????????????###### #???????????????????# #?#"" | | ?????????????# # ###################?# ###"T | | ?????????????# # # ## ] #?# ] | | ?????????????# # # ## #?# / | | ?????????????# # # "" ## """ """ #?# "" | | ?????????????# + / S"" ## """ """ ### "Y | | ?????????????# # # "" ## """ """ + "" | | ?????????????# # + ## ### | | ?????????????# # ####+#### #?# | +----------------------------------------------------+ Best States ------------- Heat Dissipation 31 Energy Generation 15 Energy Capacity 275 Matter Stores 300 Matter Capacity 300 Sight Range 16 Terrain Scan Density 10 Evasion (%) 44 Offensive Hacking 10 Item Schematics ----------------- None Robot Schematics ------------------ None Fabricated ------------ Nothing Repaired ---------- Nothing Alien Tech Used ----------------- None Achievements -------------- Hunted I Survived The Infestation Party Time Slippery One The More The Merrier Challenges ------------ None Game ------ Seed VisualCatalystRipper Manual? 0 Play Time 00:22:25 Cumulative 5.6 hours Start 2025.07.20 @ 22:29:10 End 2025.07.20 @ 22:49:26 Sessions 1 Manual Loads 0 Difficulty Rogue Special Mode None Game No. 9 Rogue 4 Adventurer 5 Explorer 0 Win Type - Total 0 Types 0/0/0/0/0/0/0/0/0/0 Lore% 9 Gallery% 7 Achievement% 11 Wizard Run 0 Options --------- Layout 0 ASCII 0 Keyboard 1 Movement Arrows Keybinds 0 Fullscreen 1 Font 18/SmallcapsGlow Map View 76x50 Zoom Use 1% Tactical HUD 0 Map Filters NONE Filters NONE Steam 1 RUN: e1f8b849-1174-4eac-93b3-5dff56766e0f